 Dungeon Crawl Stone Soup version 0.29.1-12-g30fa7ad0bf (webtiles) character file.

Game seed: 12401070094818042549

372 112233 the Conjurer (level 6, -2/39 HPs)
             Began as an Octopode Hedge Wizard on Dec 25, 2022.
             Slain by a gnoll
             ... wielding a +0 flail
              (6 damage)
             ... on level 5 of the Dungeon.
             The game lasted 00:04:26 (4250 turns).

112233 the Conjurer (Octopode Hedge Wizard)         Turns: 4250, Time: 00:04:27

Health: -2/39      AC:  1    Str:  9    XL:     6   Next: 71%
Magic:  5/12       EV: 13    Int: 18    God:
Gold:   146        SH:  0    Dex: 18    Spells: 5/13 levels left

rFire   . . .      SeeInvis +   a - +0 dagger
rCold   . . .      Faith    .   (no shield)
rNeg    + . .      Spirit   .   b - +0 hat
rPois   .          Reflect  .   (no amulet)
rElec   .          Harm     .   m - +6 ring of dexterity
rCorr   .          Rampage  .   w - ring of see invisible
Will    .....                   E - ring of positive energy
Stlth   +++.......              (no ring)
HPRegen 0.13/turn               (no ring)
MPRegen 0.13/turn               (no ring)
                                (no ring)
                                (no ring)

@: no status effects
A: almost no armour, amphibious, 8 rings, camouflage 1, gelatinous body 1,
(nimble swimmer 1), tentacles
a: no special abilities


You were on level 5 of the Dungeon.
You visited 1 branch of the dungeon, and saw 6 of its levels.

You collected 281 gold pieces.
You spent 135 gold pieces at shops.

Inventory:

Hand Weapons
 a - a +0 dagger (weapon)
 g - a +0 mace
Missiles
 C - 3 poisoned darts
Armour
 b - a +0 hat (worn)
 f - a +0 buckler
 n - a +0 kite shield
Magical Staves
 s - a staff of death
Jewellery
 m - a +6 ring of dexterity (left tentacle)
 w - a ring of see invisible (right tentacle)
 E - a ring of positive energy (on tentacle)
Wands
 t - a wand of iceblast (9)
Scrolls
 d - 3 scrolls of identify
 e - 2 scrolls of amnesia {unknown}
 h - a scroll of noise {unknown}
 i - a scroll of silence {unknown}
 j - a scroll of magic mapping {unknown}
 l - a scroll of blinking
 x - 2 scrolls of fear
 y - 3 scrolls of teleportation {unknown}
 A - a scroll of brand weapon {unknown}
 B - a scroll of enchant weapon {unknown}
Potions
 c - a potion of magic
 k - a potion of flight {unknown}
 o - a potion of mutation {unknown}
 p - a potion of berserk rage {unknown}
 q - a potion of curing {unknown}
 r - 2 potions of attraction {unknown}
 u - 2 potions of might {unknown}
 v - a potion of invisibility {unknown}
 z - a potion of lignification {unknown}
Miscellaneous
 D - a piece from Xom's chessboard (15/15)


   Skills:
 + Level 2.2 Fighting
 - Level 2.0 Dodging
 - Level 2.7 Stealth
 + Level 2.2 Shields
 + Level 4.1 Spellcasting
 * Level 4.4 Conjurations
 - Level 1.0 Summonings
 - Level 1.0 Translocations


You had 5 spell levels left.
You knew the following spells:

 Your Spells              Type           Power      Damage    Failure   Level
a - Magic Dart            Conj           76%        1d6       2%          1
b - Call Imp              Summ           7%         N/A       14%         2
c - Blink                 Tloc           14%        N/A       14%         2
d - Mephitic Cloud        Conj/Pois/Air  9%         N/A       24%         3

Your spell library contained the following spells:

 Spells                   Type           Power      Damage    Failure   Level
 Slow                     Hex            12%        N/A       14%         1
 Conjure Flame            Conj/Fire      11%        6-21      17%         3
 Ensorcelled Hibernation  Hex/Ice        6%         N/A       22%         2
 Spider Form              Tmut/Pois      3%         N/A       41%         3
 Anguish                  Hex/Necr       1%         N/A       82%         4


Dungeon Overview and Level Annotations

Branches:
Dungeon (6/15)
 Temple: D:4-7

Altars:
Wu Jian
Xom

Shops:
D:3 ?[(   D:5 (:

Annotations:
D:3 Sigmund


Innate Abilities, Weirdness & Mutations

You cannot wear most types of armour.
You are amphibious.
You can wear up to eight rings at the same time.
Your skin changes colour to match your surroundings (Stealth+).
Your rubbery body absorbs attacks. (AC +1, EV +1)
((You are camouflaged when in or above water. (Stealth+)))
You have tentacles for arms and can constrict up to eight enemies at once.


Message History

Aiming: Magic Dart (safe; 2% risk of failure)
Press: ? - help, Shift-Dir - straight line, f/p - gnoll
Aim: a gnoll, wielding a +0 flail (severely wounded, 100% to hit)
The magic dart hits the gnoll but does no damage.
The gnoll is severely wounded.
The gnoll hits you with a +0 flail!
Casting: Magic Dart (safe; 2% risk of failure)
Confirm with . or Enter, or press ? or * to list all spells.
Aiming: Magic Dart (safe; 2% risk of failure)
Press: ? - help, Shift-Dir - straight line, f/p - gnoll
Aim: a gnoll, wielding a +0 flail (severely wounded, 100% to hit)
The magic dart hits the gnoll.
The gnoll is severely wounded.
The gnoll hits you with a +0 flail.
Casting: Magic Dart (safe; 2% risk of failure)
Confirm with . or Enter, or press ? or * to list all spells.
Aiming: Magic Dart (safe; 2% risk of failure)
Press: ? - help, Shift-Dir - straight line, f/p - gnoll
Aim: a gnoll, wielding a +0 flail (severely wounded, 100% to hit)
The magic dart hits the gnoll.
The gnoll is almost dead.
The gnoll hits you with a +0 flail!
Casting: Magic Dart (safe; 2% risk of failure)
Confirm with . or Enter, or press ? or * to list all spells.
Aiming: Magic Dart (safe; 2% risk of failure)
Press: ? - help, Shift-Dir - straight line, f/p - gnoll
Aim: a gnoll, wielding a +0 flail (almost dead, 100% to hit)
The magic dart hits the gnoll but does no damage.
The gnoll is almost dead.
The gnoll hits you with a +0 flail!
* * * LOW HITPOINT WARNING * * *
Casting: Magic Dart (safe; 2% risk of failure)
Confirm with . or Enter, or press ? or * to list all spells.
Aiming: Magic Dart (safe; 2% risk of failure)
Press: ? - help, Shift-Dir - straight line, f/p - gnoll
Aim: a gnoll, wielding a +0 flail (almost dead, 100% to hit)
The magic dart hits the gnoll but does no damage.
The gnoll is almost dead.
The gnoll hits you with a +0 flail.
You die...

#..##.....## #..##.#
#..###.....######..##.#
##..##..#.#.<.......##.#
#...#........#####.###.#
#.#.....#.#..# .. ..#
#...#..g.....# #. ###
###.##...##### ###.#
#.###.######......
#........g@......#
#######.########## ##.#
#..###########
#............#
#...########.#####.#
#..#########.......#
#..###.......#######
#..##∩.........#


You could see a gnoll.

Vanquished Creatures
  2 scorpions
  An iguana (D:5)
  5 adders
  3 orcs (D:4)
  12 ball pythons
  7 endoplasms
  5 giant cockroaches
  4 hobgoblins
  2 jackals (D:2)
  4 quokkas
  4 bats
  3 frilled lizards
  8 goblins
  3 kobolds
  4 rats
  A butterfly (D:6)
68 creatures vanquished.

Vanquished Creatures (collateral kills)
  A scorpion (D:5)
  Jessica (D:2)
  Terence (D:2)
3 creatures vanquished.

Vanquished Creatures (others)
  A plant (D:5)
1 creature vanquished.

Grand Total: 72 creatures vanquished

Notes
Turn   | Place    | Note
-------+----------+-------------------------------------------
     0 | D:1      | 112233 the Octopode Hedge Wizard began the quest for the
                  | Orb.
     0 | D:1      | Reached XP level 1. HP: 11/11 MP: 4/4
   333 | D:1      | Reached XP level 2. HP: 17/17 MP: 3/6
   536 | D:1      | Found a faded altar of an unknown god.
  1211 | D:2      | Reached XP level 3. HP: 21/21 MP: 4/7
  1609 | D:2      | Learned a level 2 spell: Call Imp
  1612 | D:2      | Learned a level 2 spell: Blink
  1755 | D:2      | Reached XP level 4. HP: 27/27 MP: 2/9
  1873 | D:2      | Noticed Terence
  1899 | D:2      | Killed Terence
  2074 | D:2      | Noticed Jessica
  2080 | D:2      | Killed Jessica
  2081 | D:2      | Reached skill level 1 in Fighting
  2081 | D:2      | Reached skill level 1 in Shields
  2081 | D:2      | Reached XP level 5. HP: 24/33 MP: 4/10
  2430 | D:3      | Found Xangiuma's Armour Shoppe.
  2578 | D:3      | Found Gojai's Weapon Shop.
  2697 | D:3      | Found an ornate altar of the Wu Jian Council.
  2722 | D:3      | Found Yjegyeha's Magic Scroll Boutique.
  2729 | D:3      | Bought a scroll of blinking for 75 gold pieces
  2729 | D:3      | Bought a scroll of identify for 20 gold pieces
  2729 | D:3      | Bought a scroll of fear for 40 gold pieces
  2741 | D:3      | Noticed Sigmund
  3210 | D:4      | Learned a level 3 spell: Mephitic Cloud
  3349 | D:4      | Noticed a black bear
  3454 | D:5      | Entered Level 5 of the Dungeon
  3483 | D:5      | Reached XP level 6. HP: 23/39 MP: 1/11
  3642 | D:5      | Found Jetu's Antique Weapon Shop.
  3682 | D:5      | Noticed a black bear
  3908 | D:6      | Found a shimmering altar of Xom.
  3912 | D:6      | Noticed a steam dragon
  4067 | D:5      | Found Leteek Wuut's Tremendous Tomes.
  4185 | D:5      | Noticed an ice beast
  4250 | D:5      | Slain by a gnoll

Illustrated notes

Levels and vault maps discovered:
D:1:      wheals_arrival_shading, layout_rooms,
          chequers_ecumenical_altar_simple, hex_intersection,
          minmay_misc_feat_room, minmay_pentomino_s4
D:2:      layout_rooms, dreamdust_wishing_well, uniq_jessica, uniq_terence
D:3:      layout_rooms, nemelex_dance_club_becter, nicolae_wu_jian_wuxing_cycle,
          serial_curves, eino_curves_01, eino_curves_02, serial_shops,
          shop_fountains, nicolae_square_shop, shop, shop_statue,
          nicolae_square_shop, uniq_sigmund
D:4:      layout_loops_ring, led_sif_pool
D:5:      layout_loops_ring, serial_shops, nicolae_shop_overgrown_old_shop,
          serial_glass, glass_columns_a, glass_columns_c, item_on_display_a,
          item_on_display_a, minmay_strange_pillars, feat_on_display,
          nicolae_shop_i_like_big_books
D:6:      dreamdust_elfheim, layout_basic, general_overflow_altar,
          mainiacjoe_overflow_divided_tiny, xom_butterflies,
          kennysheep_generic_room_13, uniq_pikel, uniq_menkaure,
          uniq_blork_the_orc

Skill      XL: |  1  2  3  4  5  6 |
---------------+-------------------+-----
Conjurations   | 2 3 4 |  4.4
Fighting       | 1 2 |  2.2
Shields        | 1 2 |  2.2
Spellcasting   | 4 |  4.1
Dodging        | |  2.0
Stealth        | |  2.7
Summonings     | |  1.0
Translocations | |  1.0

Action                   |  1- 3 |  4- 6 || total
-------------------------+-------+-------++-------
Melee: Dagger            |     7 |    17 ||    24
       Constrict         |     2 |     6 ||     8
       Tentacles         |     1 |     3 ||     4
 Cast: Magic Dart        |    87 |   100 ||   187
       Call Imp          |       |    11 ||    11
       Blink             |       |     1 ||     1
  Use: Potion            |       |     1 ||     1
       Scroll            |       |     1 ||     1
Armor: Skin              |     4 |     1 ||     5
Dodge: Dodged            |    14 |    22 ||    36
